 Dungeon Crawl Stone Soup version 0.30.1 (webtiles) character file.

Game seed: 10052343575143138042

418 javelincjr the Caller (level 6, -7/44 HPs)
             Began as a Demonspawn Summoner on July 6, 2023.
             Killed by an exploding themself (51 damage)
             ... ignited by their inner flame
             ... on level 5 of the Dungeon.
             The game lasted 00:23:46 (4151 turns).

javelincjr the Caller (Demonspawn Summoner)         Turns: 4151, Time: 00:23:48

Health: -7/44      AC:  4    Str: 15    XL:     6   Next: 61%
Magic:  2/11       EV: 12    Int: 24    God:
Gold:   230        SH:  0    Dex:  8    Spells: 1/11 levels left

rFire   . . .        y - +5 whip of Julafug {vamp, Int+6 Dex-5}
rCold   . . .        (no shield)
rNeg    . . .        a - +0 robe
rPois   .            (helmet restricted)
rElec   .            (no cloak)
rCorr   +            (no gloves)
SInv    .            (no boots)
Will    .....        (no amulet)
Stlth   ++           p - +6 ring of strength
HPRegen 0.27/turn    e - ring of resist corrosion
MPRegen 0.12/turn

%: no passive effects
@: no status effects
A: antennae 2, thin metallic scales 1, ignite blood 1
a: no special abilities


You were on level 5 of the Dungeon.
You visited 1 branch of the dungeon, and saw 5 of its levels.

You collected 230 gold pieces.

Inventory:

Hand Weapons
 f - a +0 dagger
 t - a +2 dagger of speed
 y - the +5 whip of Julafug (weapon) {vamp, Int+6 Dex-5}
   (You found it on level 4 of the Dungeon)

   Int:       It affects your intelligence (+6).
   Dex:       It affects your dexterity (-5).
Missiles
 A - 3 datura-tipped darts
Armour
 a - a +0 robe (worn)
Magical Staves
 w - a staff of death
Jewellery
 e - a ring of resist corrosion (right hand)
 p - a +6 ring of strength (left hand)
Scrolls
 c - 3 scrolls of vulnerability {unknown}
 d - 3 scrolls of fear {unknown}
 h - 2 scrolls of magic mapping {unknown}
 j - 6 scrolls of identify {unknown}
 m - 2 scrolls of noise {unknown}
 n - a scroll of amnesia {unknown}
 q - 3 scrolls of immolation {unknown}
 r - a scroll of enchant armour {unknown}
 u - 2 scrolls of teleportation {unknown}
Potions
 b - a potion of magic
 g - a potion of lignification {unknown}
 i - 4 potions of heal wounds {unknown}
 k - 3 potions of haste {unknown}
 l - 4 potions of curing {unknown}
 o - a potion of cancellation {unknown}
 s - a potion of flight {unknown}
 v - a potion of resistance {unknown}
 x - a potion of degeneration {unknown}
 z - a potion of might {unknown}


   Skills:
 + Level 1.6 Fighting
 + Level 3.3 Dodging
 + Level 3.4 Stealth
 + Level 3.4 Spellcasting
 + Level 5.0 Summonings
 + Level 1.4 Earth Magic


You had one spell level left.
You knew the following spells:

 Your Spells              Type           Power      Damage    Failure   Level
a - Summon Small Mammal   Summ           100%       N/A       1%          1
b - Sandblast             Erth           20%        2d7       6%          1
c - Call Imp              Summ           56%        N/A       1%          2
d - Call Canine Familiar  Summ           28%        N/A       3%          3
e - Summon Guardian Gole  Hex/Summ       16%        N/A       11%         3

Your spell library contained the following spells:

 Spells                   Type           Power      Damage    Failure   Level
 Passwall                 Tmut/Erth      5%         N/A       12%         2
 Stone Arrow              Conj/Erth      14%        3d7       24%         3
 Summon Lightning Spire   Summ/Air       16%        N/A       36%         4
 Orb of Destruction       Conj           2%         9d5       100%        7
 Spellforged Servitor     Conj/Summ      8%         N/A       100%        7
 Borgnjor's Revivificati  Necr           2%         N/A       100%        8
 Necromutation            Tmut/Necr      2%         N/A       100%        8
 Death's Door             Necr           2%         N/A       100%        9


Dungeon Overview and Level Annotations

Branches:
Dungeon (5/15)
 Temple: D:4-7

Altars:
Dithmenos

Shops:
D:1 (

Annotations:
D:5 Pikel


Innate Abilities, Weirdness & Mutations

You have a pair of antennae on your head.
You are partially covered in thin metallic scales. (AC +2)
Your demonic aura sometimes causes spilled blood to erupt in flames.


Message History

Your cerulean imp hits the lemure but does no damage.
Casting: Summon Small Mammal (safe; 1% risk of failure)
Confirm with . or Enter, or press ? or * to list all spells.
Pikel misses you.
Your guardian golem is engulfed in blazing flames.
Flame seeps out of your guardian golem.
The lemure splashes around in the water.
Your cerulean imp barely misses Pikel.
You hit Pikel.
Pikel is lightly wounded.
Pikel barely misses you. The lemure misses you.
Your guardian golem is engulfed in blazing flames.
Flame seeps out of your guardian golem. The lemure hits you but does no damage.
Your cerulean imp barely misses the lemure.
You swap places.
Your hound barely misses Pikel.
Pikel hits your cerulean imp with a +2 whip of freezing!
Pikel freezes your cerulean imp. Flame seeps out of your guardian golem.
The lemure completely misses your cerulean imp.
Your guardian golem is engulfed in blazing flames.
Flame seeps out of your guardian golem.
Your hound barely misses Pikel.
Your cerulean imp misses the lemure.
What are your orders? t - Shout!
Orders for allies: a - Attack new target. r - Retreat! s - Stop attacking. g - Guard the area. f - Follow me.
Anything else - Cancel.
Gang up on whom?
Press: ? - help, Dir - move target, f - Pikel
Aim: Pikel, wielding a +2 whip of freezing and wearing a +0 robe (lightly wounded, ally target) Attack!
Pikel misses your cerulean imp. The lemure hits your cerulean imp.
Your hound barely misses Pikel.
The lemure hits your cerulean imp.
Your guardian golem disappears in a puff of smoke!
Your guardian golem explodes!
The fiery explosion engulfs your cerulean imp!!!
Your cerulean imp dies!
Your cerulean imp disappears in a puff of smoke!
The fiery explosion engulfs the lemure!
The fiery explosion engulfs you!!!
Ouch! That really hurt!
You die...

#.)####≈#....#
#..##≈≈≈ ....#
#..#≈≈###....#
#..#≈≈#......#
#...≈≈..###
#...≈≈~...#
#...~≈....#
#≈###...~~....#
#...§§@5~≈~.~.#
#.###○§h~≈....#
#5K5≈≈.~~##
#.5.~~...#
#..~~≈.....
#.~.~~...##
..~.≈≈..~..
###..~~.~.#.
#.~~~....


You could see Pikel (ally target), 4 lemures and a friendly hound (summoned,
sheltered).

Vanquished Creatures
  A black bear (D:4)
  An iguana (D:4)
  An orc wizard (D:4)
  6 adders
  An ufetubus (D:4)
  A dart slug (D:2)
  3 orcs
  5 ball pythons
  3 endoplasms
  A giant cockroach (D:1)
  A goblin (D:4)
  8 hobgoblins
  2 jackals
  5 kobolds
  A quokka (D:5)
  4 bats
  A rat (D:3)
45 creatures vanquished.

Vanquished Creatures (collateral kills)
  An orc priest (D:4)
  An iguana (D:4)
  An orc wizard (D:4)
  Robin (D:3)
  An adder (D:5)
  A dart slug (D:4)
  3 orcs
  3 ball pythons
  7 endoplasms
  A giant cockroach (D:4)
  11 goblins
  4 hobgoblins
  10 jackals
  2 quokkas (D:3)
  4 bats
  A frilled lizard (D:2)
  3 kobolds
  A rat (D:3)
56 creatures vanquished.

Grand Total: 101 creatures vanquished

Notes
Turn   | Place    | Note
-------+----------+-------------------------------------------
     0 | D:1      | javelincjr the Demonspawn Summoner began the quest for the
                  | Orb.
     0 | D:1      | Reached XP level 1. HP: 13/13 MP: 3/3
     8 | D:1      | Learned a level 1 spell: Sandblast
   257 | D:1      | Gained mutation: Your demonic aura sometimes causes spilled
                  | blood to erupt in flames. [demonic ancestry]
   257 | D:1      | Reached XP level 2. HP: 19/19 MP: 0/5
   613 | D:1      | Learned a level 2 spell: Call Imp
   702 | D:1      | Found Hoezot's Antique Weapon Shoppe.
  1226 | D:2      | Gained mutation: You have a pair of small antennae on your
                  | head. [demonic ancestry]
  1226 | D:2      | Reached XP level 3. HP: 24/24 MP: 6/6
  1315 | D:2      | Found a faded altar of an unknown god.
  1560 | D:2      | Found a shadowy altar of Dithmenos.
  2125 | D:3      | Gained mutation: You are partially covered in thin metallic
                  | scales. (AC +2) [demonic ancestry]
  2125 | D:3      | Reached XP level 4. HP: 26/30 MP: 2/7
  2279 | D:3      | Noticed Robin
  2307 | D:3      | Killed Robin
  2759 | D:4      | Reached XP level 5. HP: 35/35 MP: 4/9
  2809 | D:3      | Learned a level 3 spell: Call Canine Familiar
  2906 | D:4      | Reached skill level 1 in Fighting
  3387 | D:4      | Identified the +5 whip of Julafug {vamp, Int+6 Dex-5}
  3423 | D:4      | Reached skill level 1 in Earth Magic
  3464 | D:4      | Noticed a black bear
  3488 | D:4      | Killed a black bear
  3489 | D:4      | Reached skill level 5 in Summonings
  3489 | D:4      | Gained mutation: You have a pair of antennae on your head.
                  | [demonic ancestry]
  3489 | D:4      | Reached XP level 6. HP: 43/43 MP: 1/10
  4076 | D:5      | Entered Level 5 of the Dungeon
  4082 | D:5      | Learned a level 3 spell: Summon Guardian Golem
  4135 | D:5      | Noticed Pikel
  4151 | D:5      | Killed by an exploding themself... ignited by their inner
                  | flame

Illustrated notes

Levels and vault maps discovered:
D:1:      ldierk_walled_garden, layout_loops_ring, serial_shops,
          nicolae_shop_tiny_waterfront, dreamdust_wishing_well
D:2:      layout_basic, basic_altar, hellmonk_ecumenical_altar_arch_garden
D:3:      layout_rooms, grunt_ministairs_6, minmay_box_of_dots, uniq_robin
D:4:      layout_loops_cross
D:5:      minmay_bubble_buster, layout_basic, serial_rivers,
          chequers_serial_rivers_room_b, chequers_serial_rivers_micro_a,
          chequers_serial_rivers_micro_c, chequers_serial_rivers_small_a,
          chequers_serial_rivers_small_3, chequers_serial_rivers_micro_e,
          serial_shops, nicolae_take_the_stairs, uniq_prince_ribbit1,
          uniq_pikel, uniq_eustachio

Skill      XL: |  1  2  3  4  5 |
---------------+----------------+-----
Stealth        | 2 3 |  3.4
Dodging        | 2 3 |  3.3
Spellcasting   | 3 |  3.4
Fighting       | 1 |  1.6
Earth Magic    | 1 |  1.4
Summonings     | 5 |  5.0

Action                     |  1- 3 |  4- 6 || total
---------------------------+-------+-------++-------
  Melee: Unarmed           |    11 |       ||    11
         Dagger            |    65 |    62 ||   127
         Punch             |     1 |     2 ||     3
         Whip              |       |    30 ||    30
   Cast: Summon Small Mamm |    23 |    21 ||    44
         Sandblast         |    14 |     1 ||    15
         Call Imp          |    13 |    22 ||    35
         Call Canine Famil |       |    10 ||    10
         Summon Guardian G |       |     2 ||     2
   Stab: Sleeping          |     2 |     3 ||     5
         Distracted        |     1 |       ||     1
 Armour: Robe              |    13 |    24 ||    37
  Dodge: Dodged            |    71 |    61 ||   132
